 Dungeon Crawl Stone Soup version 0.30-a0-377-g5cb311bc9f (webtiles) character file.

Game seed: 8995681973550075096

733 porpoise the Skirmisher (level 7, -8/44 HPs)
             Began as a Tengu Hunter on Nov 29, 2022.
             Was a Follower of Okawaru.
             Mangled by a troll (10 damage)
             ... on level 5 of the Dungeon.
             The game lasted 00:15:07 (4418 turns).

porpoise the Skirmisher (Tengu Hunter)              Turns: 4418, Time: 00:15:08

Health: -8/44      AC:  8    Str: 17    XL:     7   Next: 74%
Magic:  8/8        EV: 16    Int:  9    God:    Okawaru [*.....]
Gold:   280        SH:  0    Dex: 20    Spells: 6/6 levels left

rFire   . . .      SeeInvis .    a - +0 shortbow
rCold   . . .      Faith    .    (shield currently unavailable)
rNeg    . . .      Spirit   .    q - +1 scale mail {rPois}
rPois   +          Reflect  .    (helmet restricted)
rElec   .          Harm     .    w - +0 cloak
rCorr   .          Rampage  .    (no gloves)
Will    .....                    (boots unavailable)
Stlth   +.........               (no amulet)
HPRegen 0.27/turn                f - +6 ring of strength
MPRegen 0.11/turn                l - +4 ring of evasion

@: flying quickly and evasively, quick
A: beak, talons 3, nimble flight
a: Renounce Religion, Heroism


You were on level 5 of the Dungeon.
You worshipped Okawaru.
Okawaru was aware of your devotion.
You visited 2 branches of the dungeon, and saw 7 of its levels.

You collected 280 gold pieces.

Inventory:

Hand Weapons
 a - a +0 shortbow (weapon)
 b - a +2 short sword of venom
Missiles
 m - 9 poisoned darts
Armour
 e - a +0 ring mail
 q - a +1 scale mail of poison resistance (worn)
 w - a +0 cloak (worn)
Magical Staves
 g - a staff of fire
Jewellery
 f - a +6 ring of strength (left hand)
 l - a +4 ring of evasion (right hand)
 y - a ring of wizardry
Wands
 u - a wand of mindburst (15)
Scrolls
 c - a scroll of poison {unknown}
 h - a scroll of vulnerability
 i - 4 scrolls of butterflies
 k - 2 scrolls of identify {unknown}
 r - a scroll of enchant armour {unknown}
 s - a scroll of teleportation {unknown}
 t - a scroll of noise {unknown}
 v - a scroll of summoning {unknown}
 x - 2 scrolls of amnesia {unknown}
 C - 2 scrolls of immolation
 D - a scroll of magic mapping {unknown}
 G - 2 scrolls of blinking {unknown}
Potions
 d - 2 potions of curing {unknown}
 j - 2 potions of degeneration {unknown}
 n - a potion of haste {unknown}
 o - a potion of attraction {unknown}
 p - 2 potions of cancellation {unknown}
 z - a potion of lignification {unknown}
 A - a potion of might {unknown}
 B - 2 potions of heal wounds {unknown}
 E - a potion of flight {unknown}
 F - a potion of brilliance {unknown}


   Skills:
 + Level 5.1 Fighting
 * Level 8.7 Ranged Weapons
 - Level 2.1 Dodging
 - Level 1.0 Stealth


You had 6 spell levels left.
You didn't know any spells.
Your spell library contained the following spells:

 Spells                   Type           Power      Damage    Failure   Level
 Magic Dart               Conj           0%         1d3       83%         1
 Searing Ray              Conj           0%         2d4       92%         2
 Fulminant Prism          Conj/Hex       0%         3d5       100%        4
 Blade Hands              Tmut           0%         N/A       100%        5
 Irradiate                Conj/Tmut      0%         3d11      100%        5
 Dragon Form              Tmut           0%         N/A       100%        7


Dungeon Overview and Level Annotations

Branches:
Dungeon (6/15)             Temple (1/1) D:5

Altars:
Ashenzari
Cheibriados
Dithmenos
Gozag
Kikubaaqudgha
Makhleb
Nemelex Xobeh
Okawaru
Trog
Uskayaw
Wu Jian
Xom
Yredelemnul
Zin
The Shining One

Shops:
D:2 :


Innate Abilities, Weirdness & Mutations

You have a beak for a mouth.
You have claws for feet.
Your magical nature lets you fly swiftly and evasively.


Message History

The troll is severely wounded.
The troll bites you. The troll claws you. The troll barely misses you.
You shoot an arrow. The arrow completely misses the troll.
The troll barely misses you. The troll claws you but does no damage.
The troll claws you! The troll bites you but does no damage.
The troll closely misses you. The troll claws you.
You shoot an arrow. The arrow hits the troll!
The troll is almost dead.
The troll bites you! The troll claws you.
* * * LOW HITPOINT WARNING * * *
The troll claws you.
* * * LOW HITPOINT WARNING * * *
The troll closely misses you. The troll claws you but does no damage.
The troll barely misses you.
You fly upwards.
There is a stone staircase leading down here.
You are too injured to fight recklessly!
You are too injured to fight recklessly!
Fire: a) +0 shortbow
Press: ? - help, Q - select action, (/) - cycle Shift-Dir - straight line, f - troll
Aim: a troll (almost dead, 68% to hit)
You shoot an arrow.
The arrow hits the troll but does no damage.
The troll is almost dead.
The troll bites you but does no damage. The troll claws you!
* * * LOW HITPOINT WARNING * * *
The troll barely misses you.
Fire: a) +0 shortbow
Press: ? - help, Q - select action, (/) - cycle Shift-Dir - straight line, f/p - troll
Aim: a troll (almost dead, 68% to hit)
You shoot an arrow. The arrow hits the troll.
The troll is almost dead.
The troll closely misses you. The troll barely misses you.
The troll claws you but does no damage.
Fire: a) +0 shortbow
Press: ? - help, Q - select action, (/) - cycle Shift-Dir - straight line, f/p - troll
Aim: a troll (almost dead, 68% to hit)
You shoot an arrow. The arrow barely misses the troll.
The troll closely misses you. The troll claws you!
You die...

##....).รท........)........#...#
#.....)....##............###..###
.....#.##...............#.......#
##.#...................###.##..##
........................#....###
....##.##.....................###
.......##..#....................#
.....#.##..##......##............
###.##.###.....#@#.##.......>..##
#......##......#T..#...#........#
#.........##.....[.[#..#.##......
........(.###)...#.###.........#.
.##...........##.#.#...^.........
.........#.##[##......###.......#
#....>.....#[.#.....<...##......#
##.........#............##......#
.#...........##.......#......#..#


You could see a troll.

Vanquished Creatures
  An ogre (D:4)
  4 scorpions
  A howler monkey (D:5)
  2 jellies (D:5)
  2 hounds
  Terence (D:2)
  4 gnolls (D:5)
  9 adders
  4 dart slugs
  2 worms
  9 orcs
  8 endoplasms
  3 giant cockroaches
  4 goblins
  2 hobgoblins
  6 jackals
  4 kobolds
  5 quokkas
  5 ball pythons
  4 bats
  7 frilled lizards
  5 rats
92 creatures vanquished.

Notes
Turn   | Place    | Note
-------+----------+-------------------------------------------
     0 | D:1      | porpoise the Tengu Hunter began the quest for the Orb.
     0 | D:1      | Reached XP level 1. HP: 12/12 MP: 2/2
   161 | D:1      | Reached XP level 2. HP: 17/17 MP: 3/3
   523 | D:1      | Reached skill level 5 in Ranged Weapons
   641 | D:1      | Reached XP level 3. HP: 22/22 MP: 4/4
  1347 | D:2      | Reached XP level 4. HP: 3/27 MP: 5/5
  1460 | D:2      | Found Ufein's Book Shop.
  1558 | D:2      | Noticed Terence
  1568 | D:2      | Killed Terence
  1569 | D:2      | Reached skill level 6 in Ranged Weapons
  2104 | D:3      | Gained mutation: Your magical nature lets you fly swiftly
                  | and evasively. [Tengu growth]
  2104 | D:3      | Reached XP level 5. HP: 32/32 MP: 6/6
  2406 | D:3      | Found a glowing silver altar of Zin.
  2478 | D:3      | Found a faded altar of an unknown god.
  3055 | D:4      | Found a glowing golden altar of the Shining One.
  3316 | D:4      | Reached XP level 6. HP: 29/38 MP: 7/7
  3380 | D:4      | Reached skill level 7 in Ranged Weapons
  3582 | D:5      | Entered Level 5 of the Dungeon
  3582 | D:5      | Found a staircase to the Ecumenical Temple.
  3593 | Temple   | Entered the Ecumenical Temple
  3679 | Temple   | Became a worshipper of Warmaster Okawaru
  3734 | D:5      | Reached XP level 7. HP: 44/44 MP: 8/8
  3745 | D:5      | Reached skill level 8 in Ranged Weapons
  3848 | D:5      | Reached * piety under Okawaru
  3865 | D:5      | Reached skill level 5 in Fighting
  4404 | D:6      | Noticed a troll
  4416 | D:5      | HP: 1/44 [troll (8)]
  4418 | D:5      | Mangled by a troll

Illustrated notes

Levels and vault maps discovered:
D:1:      saegor_arrival_miasma, layout_loops_cross
D:2:      layout_basic, serial_shops, nicolae_square_shop, grunt_ministairs_8,
          eino_tiny_chamber, uniq_terence
D:3:      layout_loops_ring, zin_statuary, shapermc_ecumenical_altar_mp_vishouse
D:4:      layout_basic, tso_altar, minivault_4
D:5:      layout_cave_pools, minmay_temple_entry_overgrown
D:6:      nicolae_cairo_tiling_large, layout_basic, nicolae_lava_and_water,
          hellmonk_guarded_unrand_lears, uniq_blork_the_orc
Temple:   nicolae_temple_god_jail

Skill      XL: |  1  2  3  4  5  6  7 |
---------------+----------------------+-----
Ranged Weapons | 5 6 7 8 |  8.7
Fighting       | 3 4 5 |  5.1
Dodging        | |  2.1
Stealth        | |  1.0

Action                   |  1- 3 |  4- 6 |  7- 9 || total
-------------------------+-------+-------+-------++-------
Melee: Short sword       |       |       |     3 ||     3
       Kick              |       |       |     1 ||     1
       Peck              |       |       |     1 ||     1
 Fire: Shortbow          |    86 |   156 |    85 ||   327
  Use: Scroll            |       |     2 |       ||     2
Armor: Ring mail         |     9 |     5 |       ||    14
       Scale mail        |       |    30 |    27 ||    57
Dodge: Dodged            |    31 |    73 |    41 ||   145

Table legend: (Time is in decaauts)
 A = Elapsed time spent in this place.
 B = Non-inter-level travel time spent in this place.
 C = Inter-level travel time spent in this place.
 D = Time resting spent in this place.
 E = Time spent auto-exploring this place.
 F = Levels seen in this place.
 G = Mean time per level.
                   A        B        C        D        E       F      G
               +--------+--------+--------+--------+--------+-----+--------+
         Total |   4363 |   4282 |     81 |    885 |   2598 |   7 |  623.3 |
       Dungeon |   4274 |   4201 |     73 |    885 |   2543 |   6 |  712.3 |
        Temple |     88 |     80 |      8 |      0 |     54 |   1 |   88.0 |
               +--------+--------+--------+--------+--------+-----+--------+

Top non-repeatable levels by time:
     D:2: 1210 daAuts
     D:1: 930 daAuts
     D:4: 746 daAuts
     D:5: 702 daAuts
     D:3: 669 daAuts
  Temple: 88 daAuts
     D:6: 15 daAuts
